cohdb
Replays
Latest Replays
All Replays
Popular Replays
Top Player Replays
Match Explorer
How It Works
Community
CoH3 Stats
Reddit
Sign in to upload your games and track your stats! →
Sign in with Steam
Match 41618313
Unlisted
Match 41618313
Overview
Messages
Build Orders
End
Panzergrenadier Squad
Selects Italian Infantry
Panzergrenadier Squad
Construct Light Support Kompanie
MG34 Team
MG34 Team
2.5-tonne Medical Truck
Fire Support Elements
le.IG 18 Mechanized Group
Pak 38 Anti-tank Gun Team
Selects Guastatori Squad
Selects Registered Artillery
Registered Artillery
Construct Panzerarmee Kommand
Panzerjäger Squad
Guastatori Squad
Panzerjäger Mechanized Group
Panzer III L Medium Tank
2.5-tonne Medical Truck
Flak 36 Anti-tank Gun Team
Meseeks_Destroys
AdmiralK
Redbaron
RAVEN11
mp5
Dawes
Whitent
Yami
0
0
Comments
sign in to comment!
No comments posted yet!